[Event "*** Titled Tuesday Blitz"]
[Site "Chess.com"]
[Date "2018.09.04"]
[Round "9"]
[White "Zarikovs1999"]
[Black "Marcus_Harvey"]
[Result "1-0"]
[WhiteElo "2200"]
[BlackElo "2664"]
[TimeControl "180+2"]
[EndTime "15:42:37 PDT"]
[Termination "Zarikovs1999 won by resignation"]

1. e4 e6 2. d4 d5 3. Bd3 c5 4.
exd5 exd5 5. Nf3 c4 6. Be2 Bd6 7. Nc3 Ne7 8. Be3 a6 9. a4 O-O 10. O-O Nbc6 11. Qd2 Bf5 12. Bf4 Nb4 13. Bxd6 Qxd6 14.
Rac1 f6 15. b3 cxb3 16. cxb3 Rac8 17. Nh4 Be4 18. Nxe4 dxe4 19. Bc4+ Kh8 20. g3 Nbc6 21. Rfd1 Rfd8 22. Qe3 f5 23. Ng2 Nxd4 24. Nf4 Nec6 25.
Ne6 Rd7 26. Ng5 Rf8 27. Ne6 Re8 28. Nxd4 Nxd4 29. Kg2 Red8 30. h4 Qe5 31. Rd2 Nc6 32. Rxd7 Rxd7 33. Bxa6 Ne7 34. Bb5 Rd8 35. Qc5 Qf6 36.
Qc7 Rf8 37. Qc3 Qd6 38. Qc5 Qf6 39. Qc3 Qg6 40. Qe5 Ng8 41. Rc4 Nf6 42. a5 Qg4 43.
Qf4 Qxf4 44. gxf4 Nh5 45. Rc7 Nxf4+ 46. Kf1 h5 47. Rxb7 Ne6 48. a6 Nc5 49. Rc7 Ne6 50. Re7 Nd4 51. Bc4 Kh7 52. a7 Nc6 53. Rc7 Nxa7 54.
Rxa7 Kg6 55. Ra6+ Kh7 56. Re6 g6 57. Ke2 Rc8 58. Re7+ Kh6 59. Re6 Rc7 60. Rd6 Kg7 61. Kd2 Re7 62. b4 f4 63. b5 g5 64. hxg5 h4 65. Ra6 Rc7 66. Kc3 h3 67. b6 Rb7 68. Bd5 h2 69. Bxe4 Re7 70. Ra7 1-0

[Event "*** Titled Tuesday Blitz"]
[Site "Chess.com"]
[Date "2018.09.04"]
[Round "9"]
[White "Aklanion"]
[Black "b_6"]
[Result "1-0"]
[WhiteElo "2155"]
[BlackElo "2388"]
[TimeControl "180+2"]
[EndTime "15:42:46 PDT"]
[Termination "Aklanion won by resignation"]

1. e4 e6 2. d4 d5 3. Nd2 Be7 4. e5 c5 5. c3 Nc6 6. Ndf3 Qb6 7. Bd3 Bd7 8. Ne2 cxd4 9. cxd4 Nb4 10. Bb1 Bb5 11.
a3 Qa6 12. Nc3 Nd3+ 13. Bxd3 Bxd3 14. Bg5 Bxg5 15. Nxg5 Ne7 16. Qh5 Bg6 17. Qe2 Bd3 18.
Qh5 Bg6 19. Qe2 Qxe2+ 20. Nxe2 h6 21. Nh3 Rc8 22. Nhf4 Kd7 23. Nxg6 Nxg6 24. Kd2 Nh4 25. Rhg1 Rc6 26. Rac1 Rhc8 27. Rxc6 Rxc6 28. Kd3 Kc7 29. h3 Kb6 30. g3 Nf3 31. Rc1 f6 32. exf6 gxf6 33.
h4 e5 34. Rxc6+ Kxc6 35. Ke3 Ne1 36. f4 e4 37. g4 Nf3 38. h5 Kd6 39. Ng3 Nh4 40. f5 Nf3 41. Ne2 Nh2 42. Kf4 Nf1 43. Nc3 Nd2 44. Nb5+ Kd7 45. Nxa7 Nc4 46. b3 Nxa3 47.
b4 Kc7 48. b5 Nc2 49. b6+ Kd7 50. Nb5 Kc6 51. Nc7 Nxd4 52. Ne8 Nc2 53. Nxf6 e3 54.
Kf3 d4 55. Ne4 d3 56. f6 Kd7 57. g5 d2 58. Ke2 Nd4+ 59. Kd1 hxg5 60. h6 e2+ 61.
Kxd2 Nf3+ 62. Kxe2 Ne5 63. h7 Ng6 64. Nxg5 Kc6 65.
Ke3 Kd6 66. Ke4 Kd7 67. Kf5 Nh8 68. Ne6 Ke8 69. Nf4 Kf7 70. Kg5 Kf8 71. Ng6+ Kf7 72. Nxh8+ Kf8 73. Ng6+ Kf7 74. h8=Q Ke6 75. Qe8+ 1-0

[Event "*** Titled Tuesday Blitz"]
[Site "Chess.com"]
[Date "2018.09.04"]
[Round "9"]
[White "Quiet_Desperation"]
[Black "Ksenia_Legenko"]
[Result "1-0"]
[WhiteElo "1923"]
[BlackElo "2045"]
[TimeControl "180+2"]
[EndTime "15:42:46 PDT"]
[Termination "Quiet_Desperation won by checkmate"]

1. e4 c6 2. d4 d5 3. e5 Bf5 4. Nf3 e6 5. Be2 c5 6. c3 Nc6 7. O-O Qb6 8. dxc5 Bxc5 9. b4 Be7 10.
a4 Qc7 11. Re1 Nh6 12. Bf4 Be4 13. Nbd2 Rd8 14. b5 Na5 15. Qc1 Bxf3 16. Bxf3 Nf5 17. Rb1 O-O 18. Nb3 Nxb3 19. Rxb3 Qc4 20. Rb1 Qxa4 21.
Ra1 Qxb5 22. Rxa7 Bc5 23. Ra1 b6 24. Bg5 Ra8 25. Rb1 Qc4 26. Be2 Qa4 27. Bd3 Ne7 28. c4 Rfc8 29. Qf4 dxc4 30. Be4 Rab8 31. h4 Ng6 32.
Qg3 Bd4 33. Qg4 Nxe5 34. Qh5 Ng6 35. Rbd1 c3 36. Qg4 c2 37. Rxd4 Qxd4 38. h5 f5 39. Qg3 fxe4 40. hxg6 hxg6 41. Bc1 b5 42. Qg4 Qf6 43. Qxe4 b4 44. Bf4 Rb5 45. Bc1 b3 46. Qd3 b2 47. Qxb5 bxc1=Q 48. Rxc1 Qf4 49. Qf1 Qd2 50.
g3 e5 51. Kg2 e4 52. Qa6 Rf8 53. Qe6+ Kh7 54. Rh1+ Qh6 55. Rxh6+ Kxh6 56. Qh3+ Kg5 57. Qh4+ Kf5 58. Qf4+ Ke6 59. Qxe4+ Kf7 60. Qxc2 Kg8 61. Qc4+ Kh8 62. Qg4 Rf6 63. f4 Kg8 64. Qc8+ Kh7 65. Kf3 Rd6 66. Kg4 Rf6 67. Qd7 Rb6 68. f5 Rf6 69.
fxg6+ Rxg6+ 70. Kf4 Rf6+ 71. Ke4 Kg8 72. g4 Kh7 73. g5 Rb6 74. Qf5+ Kg8 75. g6 Rf6 76. Qc8+ Rf8 77. Qe6+ Kh8 78. Qh3+ Kg8 79. Qh7# 1-0

[Event "*** Titled Tuesday Blitz"]
[Site "Chess.com"]
[Date "2018.09.04"]
[Round "9"]
[White "ChainsOfFantasia"]
[Black "Bad4life"]
[Result "1-0"]
[WhiteElo "2391"]
[BlackElo "2410"]
[TimeControl "180+2"]
[EndTime "15:42:47 PDT"]
[Termination "ChainsOfFantasia won by resignation"]

1. Nc3 d6 2. e4 Nf6 3. f4 g6 4. Nf3 Bg7 5. Bc4 a6 6. a4 O-O 7. O-O c5 8. d3 Nc6 9. Qe1 Bg4 10. f5 Bxf3 11. Rxf3 Nd4 12. Rf2 Ng4 13. Rd2 Bh6 14.
fxg6 hxg6 15. Qg3 Ne5 16. Rf2 Bxc1 17. Rxc1 e6 18. Rcf1 Kg7 19. Nd1 Nxc4 20. dxc4 Qe7 21. Ne3 b5 22. e5 dxe5 23. Qxe5+ f6 24. Qg3 bxa4 25. c3 Nc6 26. Ng4 f5 27. Qf3 Rac8 28. Ne3 Ne5 29. Qe2 Qf6 30. Re1 Rce8 31. g4 f4 32. Nf1 Nf7 33. Kh1 Ng5 34. Nd2 Re7 35. Nf3 Nh3 36. Rg2 Rh8 37. Qe4 Ng5 38. Nxg5 Qxg5 39. Qe5+ Qxe5 40. Rxe5 Rc8 41. g5 Rc6 42. Rf2 Rf7 43. Rfe2 f3 44. Rf2 a5 45. h4 Kf8 46. Kh2 Ke7 47. Kg3 Kd6 48. Re3 Rb6 49.
Rexf3 Rf5 50. Rxf5 exf5 51. Kf4 Rb3 52. h5 gxh5 53.
Kxf5 a3 54. bxa3 Rxc3 55. Re2 Rf3+ 56. Ke4 Rg3 57. Kf4 Rg4+ 58. Kf5 Rxc4 59. g6 Rg4 60. Kf6 c4 61. g7 c3 62. Rc2 Rf4+ 63. Kg5 Rf3 64. Kxh5 Rg3 65. Kh6 Kd5 66. Rxc3 Rg4 67. Rc8 Rh4+ 68. Kg5 Rh1 1-0

[Event "*** Titled Tuesday Blitz"]
[Site "Chess.com"]
[Date "2018.09.04"]
[Round "9"]
[White "A-Fier"]
[Black "Sanan_Sjugirov"]
[Result "1/2-1/2"]
[WhiteElo "2769"]
[BlackElo "2866"]
[TimeControl "180+2"]
[EndTime "15:42:56 PDT"]
[Termination "Game drawn by stalemate"]

1. e4 e5 2. Nf3 Nc6 3. Bc4 Bc5 4. c3 Nf6 5. d4 exd4 6. e5 d5 7. Be2 Ne4 8. cxd4 Bb6 9. Nc3 O-O 10. Be3 Ne7 11.
O-O Nf5 12. Bf4 Be6 13. Na4 Ba5 14. a3 c6 15. b4 Bc7 16. Rc1 f6 17. Nc5 Nxc5 18. Rxc5 g5 19. Bc1 g4 20. Ne1 fxe5 21. dxe5 Bxe5 22. Bxg4 Qd6 23. Nf3 Bg7 24. Rc2 Kh8 25.
Bb2 d4 26. Rd2 Bd5 27. Nxd4 Nxd4 28. Bxd4 Qg6 29. Bxg7+ Qxg7 30. Qa1 Qxa1 31. Rxa1 a5 32. Rb1 axb4 33. axb4 Rf4 34. h3 b5 35. g3 Rc4 36. Be2 Rc3 37. Bf1 Kg7 38. Bg2 Bxg2 39.
Kxg2 Ra7 40. Rd4 Rf7 41. Rb2 h5 42. Re2 Rb3 43. Rc2 Rf6 44. h4 Kg6 45. Kh3 Rbf3 46. Kg2 Rb3 47. Re2 Kh6 48. Rc2 Kg6 49. Rcd2 Kf5 50.
Rf4+ Kg6 51. Rxf6+ Kxf6 52. Rd6+ Kg7 53. Rxc6 Rxb4 54. Kf3 Rb2 55. Rb6 b4 56. Ke3 b3 57.
f3 Rb1 58. Kf4 b2 59. Rb3 Kf6 60. Rb5 Kg6 61. Rb6+ Kg7 62. Kg5 Rg1 63. Rb7+ Kf8 64. Rxb2 Rxg3+ 65. Kf4 Rh3 66. Rb7 Rxh4+ 67. Kg5 Rh1 68. f4 Rc1 69. f5 Rc6 70. Kxh5 Rd6 71. Kg5 Ra6 72. Rh7 Rb6 73. Rd7 Ra6 74. Kf4 Rb6 75.
Ke5 Ra6 76. Rb7 Rc6 77. Kd5 Ra6 78. Ke4 Rc6 79. Kf4 Ra6 80. Kg5 Rc6 81. Rb1 Kf7 82. Rd1 Ra6 83. Rh1 Rb6 84. Rh7+ Kf8 85. Rh6 Rxh6 86.
Kxh6 Kf7 87. Kg5 Kg7 88. f6+ Kf7 89. Kf5 Kf8 90. Ke5 Kf7 91. Kf5 Kf8 92. Kg6 Kg8 93. Kf5 Kf7 94. Ke5 Kf8 95. Ke6 Ke8 96. f7+ Kf8 97. Kf6 1/2-1/2

[Event "*** Titled Tuesday Blitz"]
[Site "Chess.com"]
[Date "2018.09.04"]
[Round "10"]
[White "MITerryble"]
[Black "A-Fier"]
[Result "1-0"]
[WhiteElo "2775"]
[BlackElo "2761"]
[TimeControl "180+2"]
[EndTime "15:44:25 PDT"]
[Termination "MITerryble won by resignation"]

1. e4 c5 2. Nf3 Nc6 3. Bb5 d6 4. O-O Bd7 5. Re1 Nf6 6. c3 a6 7.
Bf1 Bg4 8. h3 Bh5 9. g4 Bg6 10.
d4 cxd4 11. cxd4 d5 12. exd5 Nxd5 13. Nc3 e6 14. Qb3 Na5 15. Qxd5 1-0

[Event "*** Titled Tuesday Blitz"]
[Site "Chess.com"]
[Date "2018.09.04"]
[Round "10"]
[White "evgenysharapov"]
[Black "ahmadzada13"]
[Result "1/2-1/2"]
[WhiteElo "2451"]
[BlackElo "2638"]
[TimeControl "180+2"]
[EndTime "15:44:30 PDT"]
[Termination "Game drawn by agreement"]

1. e4 e6 2. d4 d5 3. exd5 exd5 4.
Bd3 Nc6 5. c3 Bd6 6. Ne2 Nge7 7.
Bf4 Bf5 8. O-O O-O 9. Re1 Bxd3 10. Qxd3 Ng6 11. Bxd6 Qxd6 12. Nd2 Rae8 1/2-1/2

[Event "*** Titled Tuesday Blitz"]
[Site "Chess.com"]
[Date "2018.09.04"]
[Round "10"]
[White "akretchetov"]
[Black "area_5"]
[Result "1-0"]
[WhiteElo "2243"]
[BlackElo "2550"]
[TimeControl "180+2"]
[EndTime "15:45:43 PDT"]
[Termination "akretchetov won by resignation"]

1. Nf3 g6 2. e4 Bg7 3. c4 c5 4. d4 cxd4 5. Nxd4 Nc6 6. Be3 d6 7. Nc3 Nf6 8. Be2 Nxd4 9. Bxd4 Bd7 10. O-O Bc6 11. f3 O-O 12. Qd2 Nd7 13. Bf2 a5 14. b3 Nc5 15. Rab1 Be5 16. Bd1 Ne6 17. Bc2 Bf4 18. Qe2 Be5 19. Qd2 Re8 20. Nd5 Bxd5 21. exd5 Nc5 22. Rfe1 Qd7 23. Bxc5 1-0

[Event "*** Titled Tuesday Blitz"]
[Site "Chess.com"]
[Date "2018.09.04"]
[Round "10"]
[White "maciek_92"]
[Black "dretch"]
[Result "0-1"]
[WhiteElo "2671"]
[BlackElo "2786"]
[TimeControl "180+2"]
[EndTime "15:46:01 PDT"]
[Termination "dretch won by resignation"]

1. c4 c6 2. g3 d5 3. b3 e5 4. Bg2 Nf6 5. Bb2 Bd6 6. Nf3 e4 7. Nd4 h5 8. cxd5 cxd5 9. Nb5 h4 10. Nxd6+ Qxd6 11. Qc2 Nc6 12. Nc3 Nd4 13. Qc1 Bg4 14.
h3 hxg3 15. hxg4 gxf2+ 16. Kxf2 Nxg4+ 17. Kf1 Qf4+ 0-1

[Event "*** Titled Tuesday Blitz"]
[Site "Chess.com"]
[Date "2018.09.04"]
[Round "10"]
[White "SaraciNderim"]
[Black "Superfelix"]
[Result "0-1"]
[WhiteElo "2491"]
[BlackElo "2385"]
[TimeControl "180+2"]
[EndTime "15:46:51 PDT"]
[Termination "Superfelix won by resignation"]

1. d4 Nf6 2. Nf3 g6 3. g3 Bg7 4. Bg2 O-O 5. O-O d5 6. c4 dxc4 7. Qc2 Nc6 8. Qxc4 Be6 9. Qd3 Bf5 10. Qd1 a5 11. Nc3 Ne4 12. e3 Nxc3 13. bxc3 Be4 14.
Ba3 Re8 15. Nd2 Bxg2 16. Kxg2 e5 17. Qb3 b6 18. Rad1 a4 19. Qb5 Qd7 20. Nc4 exd4 21. cxd4 Rad8 22. Qxa4 Qd5+ 23. f3 b5 24. e4 Qxc4 25.
Qxc4 bxc4 26. d5 Ne5 27. Bc5 Nd3 28. Be3 Ra8 29. Rd2 Ra4 30. Rc2 f5 0-1

[Event "*** Titled Tuesday Blitz"]
[Site "Chess.com"]
[Date "2018.09.04"]
[Round "10"]
[White "Fighter008"]
[Black "NemtsevIgor"]
[Result "0-1"]
[WhiteElo "2402"]
[BlackElo "2381"]
[TimeControl "180+2"]
[EndTime "15:47:47 PDT"]
[Termination "NemtsevIgor won by resignation"]

1. e4 c6 2. d4 d5 3. e5 c5 4.
dxc5 Nc6 5. Nf3 Bg4 6. Be2 e6 7. O-O Bxc5 8. a3 Nge7 9. b4 Bb6 10.
Bb2 Bxf3 11. Bxf3 O-O 12. Nd2 Ng6 13. Re1 Bc7 14. c4 Bxe5 15. Bxe5 Ncxe5 16. cxd5 Nxf3+ 17. Qxf3 Qxd5 18. Qxd5 exd5 19. Nb3 Rfd8 20. Nd4 Rac8 21. Rac1 Rc4 22. Nb5 a6 23. Nc7 Rc8 24. Rxc4 dxc4 25. Nd5 b5 26. h4 h5 27. f4 Rd8 28. Nc3 Nxf4 29. Ne4 Nd3 30. Re3 f6 31. Nc3 Kf7 32. Ne4 Ne5 33. Ng5+ fxg5 34. Rxe5 gxh4 0-1

[Event "*** Titled Tuesday Blitz"]
[Site "Chess.com"]
[Date "2018.09.04"]
[Round "10"]
[White "biostatistician"]
[Black "Gareth-Bale11"]
[Result "0-1"]
[WhiteElo "2461"]
[BlackElo "2610"]
[TimeControl "180+2"]
[EndTime "15:47:53 PDT"]
[Termination "Gareth-Bale11 won by resignation"]

1. d4 d5 2. Nf3 e6 3. c4 Nf6 4. Bg5 dxc4 5. e4 Bb4+ 6. Nc3 h6 7. Bxf6 Qxf6 8. Bxc4 c5 9. O-O cxd4 10. Nb5 Qd8 11.
Qb3 Bc5 12. Rad1 Nc6 13. Be2 e5 14. Qd5 Bb6 15. Nd6+ Ke7 16. Nxe5 Qxd6 17. Qxd6+ Kxd6 18. Nxf7+ Ke7 19. Nxh8 Kf6 20. f4 d3+ 21. Kh1 dxe2 22.
e5+ Ke7 23. Ng6+ Ke8 0-1

[Event "*** Titled Tuesday Blitz"]
[Site "Chess.com"]
[Date "2018.09.04"]
[Round "10"]
[White "chess_rehab"]
[Black "335394862"]
[Result "0-1"]
[WhiteElo "2193"]
[BlackElo "2306"]
[TimeControl "180+2"]
[EndTime "15:48:58 PDT"]
[Termination "335394862 won by resignation"]

1. e4 c5 2. Nf3 Nc6 3. d4 cxd4 4. Nxd4 g6 5. Nc3 Bg7 6. Be3 Nf6 7. f3 O-O 8. Bc4 Qb6 9. a3 Nxe4 10. Nd5 Qxb2 11. fxe4 Nxd4 12. Ra2 Nxc2+ 13. Qxc2 Qxc2 14. Rxc2 b5 15. Nxe7+ Kh8 16. Bd5 Rb8 17. Bxa7 Ba6 18. Bxb8 Rxb8 19. O-O Bd4+ 20. Kh1 b4 21. Bc4 b3 22. Bxb3 Bxf1 23. Rc8+ Rxc8 24. Nxc8 Bc5 25. Bxf7 Ba6 26. e5 Bxc8 27. a4 Bd4 28. Bd5 Bxe5 29. Kg1 Bd4+ 30. Kf1 Ba6+ 31. Ke1 Kg7 32. Kd2 Kf6 33.
Bg8 h5 34. g3 g5 35. h4 g4 36. Bb3 Bf2 0-1

[Event "*** Titled Tuesday Blitz"]
[Site "Chess.com"]
[Date "2018.09.04"]
[Round "10"]
[White "RiskyDecision"]
[Black "BvsN"]
[Result "1-0"]
[WhiteElo "2417"]
[BlackElo "2217"]
[TimeControl "180+2"]
[EndTime "15:49:15 PDT"]
[Termination "RiskyDecision won by resignation"]

1. d4 d5 2. c4 c6 3. cxd5 cxd5 4. Bf4 Nf6 5. Nc3 Nc6 6. e3 a6 7. Be2 Bf5 8. Nf3 e6 9. Qb3 Ra7 10. O-O Bd6 11. Bxd6 Qxd6 12. Rac1 O-O 13. Na4 Na5 14. Qb6 Qxb6 15. Nxb6 Nc6 16. Ne5 Nxe5 17. dxe5 Ng4 18. Bxg4 Bxg4 19. Rc7 Be2 20. Rfc1 Bb5 21. Re7 Bc6 22.
Rxc6 bxc6 23. Rxa7 c5 24. Rxa6 1-0

[Event "*** Titled Tuesday Blitz"]
[Site "Chess.com"]
[Date "2018.09.04"]
[Round "10"]
[White "Winehouse83"]
[Black "Squirlolz"]
[Result "0-1"]
[WhiteElo "2453"]
[BlackElo "2502"]
[TimeControl "180+2"]
[EndTime "15:49:26 PDT"]
[Termination "Squirlolz won by checkmate"]

1. d4 Nf6 2. c4 e6 3. Nf3 c5 4. d5 d6 5. Nc3 exd5 6. cxd5 g6 7. Bf4 Bg7 8. Qa4+ Bd7 9. Qb3 Qc7 10. Bxd6 Qxd6 11. Qxb7 O-O 12. Qxa8 Qb6 13. Nd2 Qxb2 14. Rd1 Qxc3 15. Qxa7 Ne4 16. e3 Nxd2 17. Rxd2 Qc1+ 18. Rd1 Bc3+ 19. Ke2 Bb5+ 20. Rd3 Qe1+ 21. Kf3 Bxd3 22.
Bxd3 Qxh1 23. d6 Qd1+ 24. Ke4 Qg4+ 25. f4 Qxg2# 0-1

[Event "*** Titled Tuesday Blitz"]
[Site "Chess.com"]
[Date "2018.09.04"]
[Round "10"]
[White "AkibaRubi"]
[Black "jeetjain"]
[Result "0-1"]
[WhiteElo "2497"]
[BlackElo "2326"]
[TimeControl "180+2"]
[EndTime "15:49:40 PDT"]
[Termination "jeetjain won by resignation"]

1. b3 d5 2. Bb2 c5 3. Nf3 Nf6 4. e3 e6 5. Bb5+ Bd7 6. Bxd7+ Nbxd7 7. O-O Bd6 8. d3 O-O 9. Nbd2 Qc7 10. e4 b5 11. Re1 Be7 12. exd5 Nxd5 13. Ne5 Bf6 14.
Nxd7 Bxb2 15. Nxf8 Bxa1 16. Nxe6 fxe6 17. Qxa1 Rf8 18.
Qe5 Qb7 19. Qxe6+ Kh8 20. Qd6 Kg8 21. Qxc5 Nf4 22. Re4 Qf7 23. Qe3 a6 24. Re7 Qg6 25.
Qg3 Qf6 26. Re1 h6 27. Ne4 Qb2 28. c4 Ne2+ 29. Rxe2 Qc1+ 0-1

[Event "*** Titled Tuesday Blitz"]
[Site "Chess.com"]
[Date "2018.09.04"]
[Round "10"]
[White "metra93"]
[Black "Korchmar_Vasiliy"]
[Result "0-1"]
[WhiteElo "2515"]
[BlackElo "2666"]
[TimeControl "180+2"]
[EndTime "15:49:42 PDT"]
[Termination "Korchmar_Vasiliy won by resignation"]

1. e4 c5 2. Nf3 e6 3. d4 cxd4 4. Nxd4 a6 5. Nc3 d6 6. Bd3 Nf6 7. O-O Nbd7 8. Qe2 b5 9. f4 Nc5 10. f5 e5 11. Nb3 Nxd3 12. Qxd3 b4 13. Nd5 Nxd5 14. Qxd5 Qb6+ 15. Kh1 Bb7 16. Qd3 Be7 17. Be3 Qc6 18. Nd2 O-O 19. Rac1 d5 20. exd5 Qxd5 21.
Qxd5 Bxd5 22. c4 bxc3 23. Rxc3 Rfd8 24. b3 f6 25. h3 Bb4 26. Rc2 a5 27. Kh2 a4 28.
Rf2 a3 29. Bc5 Rac8 30. Bb6 Rxc2 31. Bxd8 Rxd2 0-1

[Event "*** Titled Tuesday Blitz"]
[Site "Chess.com"]
[Date "2018.09.04"]
[Round "10"]
[White "nitpicker"]
[Black "Bauxi435"]
[Result "0-1"]
[WhiteElo "2175"]
[BlackElo "2377"]
[TimeControl "180+2"]
[EndTime "15:49:48 PDT"]
[Termination "Bauxi435 won on time"]

1. d4 Nf6 2. c4 e6 3. g3 d5 4.
Nf3 dxc4 5. Bg2 Bd7 6. Ne5 Bc6 7. Nxc6 Nxc6 8. Qa4 Qd7 9. e3 Nb4 10. Qxd7+ Kxd7 11. Na3 Rb8 12. O-O b5 13. b3 c3 14. Rd1 a5 15. e4 Be7 16. f3 c6 17. Bf4 Ra8 18. Bf1 Nbd5 19. Nc2 Nxf4 20. gxf4 Nh5 21. f5 exf5 22. a4 b4 23. Bh3 g6 24. exf5 Nf4 25. Bf1 gxf5 26. Ne3 Ke6 27. Bc4+ Kf6 28. Re1 Rhd8 29.
Rad1 Ra7 30. Kh1 Rad7 31. d5 cxd5 32. Bb5 Rd6 33. Nc2 d4 0-1

[Event "*** Titled Tuesday Blitz"]
[Site "Chess.com"]
[Date "2018.09.04"]
[Round "10"]
[White "Polish_fighter3000"]
[Black "GMKrikor"]
[Result "1-0"]
[WhiteElo "2899"]
[BlackElo "2745"]
[TimeControl "180+2"]
[EndTime "15:49:50 PDT"]
[Termination "Polish_fighter3000 won on time"]

1. d4 Nf6 2. c4 e6 3. Nf3 d5 4.
Bg5 Bb4+ 5. Nc3 h6 6. Bxf6 Qxf6 7. Qa4+ Nc6 8. e3 O-O 9. Rc1 Qg6 10. Qc2 Qxc2 11. Rxc2 Rd8 12. a3 Bf8 13. Nb5 Rd7 14. cxd5 exd5 15. Bd3 a6 16. Nc3 Ne7 17. Na4 f6 18.
Ke2 Rb8 19. Rhc1 c6 20. Nb6 Rd8 21. Nxc8 Nxc8 22. g4 Nd6 23. h4 Re8 24. Bg6 Re7 25. Ne1 Nc4 26. Nd3 Rc7 27. Rg1 Bd6 28. g5 fxg5 29.
hxg5 hxg5 30. Rxg5 Rf8 31. Rc1 Rf6 32. Rh1 Re7 33.
Rh3 Ree6 34. Bf5 Re7 35. f4 Ref7 36. Bg6 Re7 37. Ne5 1-0

[Event "*** Titled Tuesday Blitz"]
[Site "Chess.com"]
[Date "2018.09.04"]
[Round "10"]
[White "Nakachuk"]
[Black "Aklanion"]
[Result "1-0"]
[WhiteElo "2665"]
[BlackElo "2154"]
[TimeControl "180+2"]
[EndTime "15:49:54 PDT"]
[Termination "Nakachuk won by checkmate"]

1. g3 f5 2. Bg2 Nf6 3. Nf3 g6 4. O-O Bg7 5. d3 O-O 6. Nbd2 d6 7. e4 e5 8. exf5 gxf5 9. c3 Nc6 10. Re1 Kh8 11. d4 e4 12. Ng5 Ng4 13. Nh3 d5 14. Nf1 Qe8 15. Ne3 Nxe3 16. Bxe3 Nd8 17. f3 Ne6 18. Qd2 Qg6 19. Rf1 Bd7 20. Rae1 Bb5 21. Rf2 Bd3 22. Bf4 c6 23. Bd6 Rf7 24. Bf4 Rc8 25. Bf1 Bxf1 26. Rexf1 Rd7 27. fxe4 fxe4 28.
Be3 b6 29. Rf5 Rf8 30. Rxf8+ Bxf8 31. Qf2 Bg7 32. Nf4 Nxf4 33. Qxf4 Qe8 34. h4 Kg8 35. Qg4 Rd6 36. h5 Qd7 37. Qh4 Qd8 38. Bg5 Qe8 39. h6 Bh8 40. Be7 Rd7 41. Qg4+ Qg6 42.
Rf8# 1-0

[Event "*** Titled Tuesday Blitz"]
[Site "Chess.com"]
[Date "2018.09.04"]
[Round "10"]
[White "Saitama_Hero"]
[Black "CrushingKings"]
[Result "0-1"]
[WhiteElo "2200"]
[BlackElo "2175"]
[TimeControl "180+2"]
[EndTime "15:49:59 PDT"]
[Termination "CrushingKings won on time"]

1. Nf3 Nf6 2. c4 g6 3. Nc3 Bg7 4.
e4 d6 5. d4 O-O 6. Be2 e5 7. O-O Nc6 8. d5 Ne7 9. b4 Ne8 10. Ba3 f5 11. Nd2 a5 12. c5 h5 13. Nc4 f4 14. bxa5 Rf6 15. f3 g5 16.
Qb3 g4 17. Nb5 g3 18. hxg3 fxg3 19. cxd6 cxd6 20. f4 Rg6 21. f5 Nxf5 22. Rxf5 Bxf5 23. exf5 Qh4 0-1

[Event "*** Titled Tuesday Blitz"]
[Site "Chess.com"]
[Date "2018.09.04"]
[Round "10"]
[White "Quiet_Desperation"]
[Black "Fins0905"]
[Result "1-0"]
[WhiteElo "1939"]
[BlackElo "2561"]
[TimeControl "180+2"]
[EndTime "15:50:07 PDT"]
[Termination "Quiet_Desperation won by checkmate"]

1. e4 d5 2. exd5 Qxd5 3. Nc3 Qd8 4. Nf3 Nf6 5. Bc4 a6 6. h3 b5 7. Bd3 c5 8. Ne4 Nbd7 9. Qe2 e6 10. Nxf6+ Nxf6 11. c3 Bb7 12. Bc2 Bd6 13. O-O O-O 14. d4 Qc7 15. Bg5 Nd5 16. Qe4 g6 17. Qh4 cxd4 18.
Bh6 Rfd8 19. Qxd4 e5 20. Qh4 Be7 21. Ng5 Nf4 22. Bb3 Bd5 23. Bxd5 Rxd5 24. Qg4 f5 25. Qf3 e4 26. Nxe4 fxe4 27. Qxf4 Bd6 28. Qxe4 Qc4 29. Qe6+ Kh8 30. Qf6+ Kg8 31. Qg7# 1-0

[Event "*** Titled Tuesday Blitz"]
[Site "Chess.com"]
[Date "2018.09.04"]
[Round "10"]
[White "jk13"]
[Black "ChainsOfFantasia"]
[Result "1-0"]
[WhiteElo "2537"]
[BlackElo "2385"]
[TimeControl "180+2"]
[EndTime "15:50:24 PDT"]
[Termination "jk13 won by resignation"]

1. e4 c6 2. Nc3 d5 3. Nf3 Nf6 4. e5 Ne4 5. Ne2 Qb6 6. d4 e6 7. Nfg1 f6 8. f3 Ng5 9. exf6 gxf6 10. f4 Nf7 11. Nf3 e5 12. c3 e4 13. Nh4 c5 14. Rb1 Nc6 15. Be3 Bg4 16. Qa4 Bxe2 17. Bxe2 O-O-O 18. Nf5 cxd4 19. cxd4 Qb4+ 20. Qxb4 Bxb4+ 21. Kf2 Nd6 22. Bg4 Nxf5 23. Bxf5+ Kb8 24. Rbc1 Ne7 25. Bg4 f5 26. Be2 Bd6 27. Bh5 Ng6 28.
g3 Rc8 29. Ke2 Rxc1 30. Rxc1 Rc8 31. Rxc8+ Kxc8 32. Kd2 Kc7 33. Be2 Kc6 34. Kc2 b5 35.
a3 a5 36. Bf1 Be7 37. Bh3 b4 38.
axb4 axb4 39. Bxf5 Nf8 40. Kb3 1-0

[Event "*** Titled Tuesday Blitz"]
[Site "Chess.com"]
[Date "2018.09.04"]
[Round "10"]
[White "Bryakin_Mikhail"]
[Black "lexisvar"]
[Result "0-1"]
[WhiteElo "2542"]
[BlackElo "2442"]
[TimeControl "180+2"]
[EndTime "15:50:35 PDT"]
[Termination "lexisvar won by checkmate"]

1. d4 Nf6 2. c4 e6 3. Nc3 Bb4 4. e3 O-O 5. Ne2 b6 6. a3 Be7 7. Nf4 Bb7 8. Be2 d5 9. Bf3 c6 10. O-O Bd6 11. cxd5 cxd5 12. Nd3 Nbd7 13. b4 Qe7 14. Bb2 Rac8 15. Rc1 Ba6 16. b5 Bb7 17. Qa4 e5 18. Qxa7 Rc7 19. dxe5 Nxe5 20. Nxe5 Qxe5 21. g3 Qf5 22. Bg2 Bc5 23. Qa4 Qh5 24. Qd1 Qg5 25. Na4 Rd8 26. Nxc5 bxc5 27. a4 d4 28. exd4 Bxg2 29. Kxg2 Rcd7 30. Qd3 cxd4 31. Rc6 Ng4 32. Bc1 Qd5+ 33. Kg1 Ne5 34. Qc2 Nf3+ 35. Kh1 Ne1+ 36.
Kg1 Qg2# 0-1

[Event "*** Titled Tuesday Blitz"]
[Site "Chess.com"]
[Date "2018.09.04"]
[Round "10"]
[White "Spring199"]
[Black "Orest_Vovk"]
[Result "0-1"]
[WhiteElo "2229"]
[BlackElo "2451"]
[TimeControl "180+2"]
[EndTime "15:50:38 PDT"]
[Termination "Orest_Vovk won by resignation"]

1. d4 e5 2. dxe5 Nc6 3. Nf3 Qe7 4. g3 Nxe5 5. Nxe5 Qxe5 6. Bg2 Qd6 7. O-O Qxd1 8. Rxd1 Nf6 9. c4 Bc5 10. Nc3 d6 11. h3 O-O 12. Bg5 Nd7 13. Nd5 Bb6 14. Ne7+ Kh8 15. Nxc8 Raxc8 16. Bxb7 Rce8 17. Bc6 f6 18. Bxd7 Re7 19. Bg4 fxg5 20. e3 a5 21. Rd5 Ref7 22.
Rd2 g6 23. Kg2 h5 24. Bd1 Kg7 25. a3 h4 26. g4 Ra8 27. Rb1 Kh6 28. b4 axb4 29.
axb4 Ra3 30. Rd5 Rc3 31. Bb3 Rf8 32. Rdd1 Bxe3 33. fxe3 Rxe3 34. Rd2 Rg3+ 35. Kh2 Rff3 36. Bd1 Rxh3+ 37. Kg2 Rfg3+ 38. Kf1 Rh1+ 39. Ke2 Rh2+ 40. Kf1 Rxd2 41. c5 dxc5 42. bxc5 h3 43. Be2 h2 44.
Kf2 Rg1 0-1

[Event "*** Titled Tuesday Blitz"]
[Site "Chess.com"]
[Date "2018.09.04"]
[Round "10"]
[White "Genghis_K"]
[Black "sergiochess83"]
[Result "0-1"]
[WhiteElo "2870"]
[BlackElo "2780"]
[TimeControl "180+2"]
[EndTime "15:51:07 PDT"]
[Termination "sergiochess83 won by resignation"]

1. e4 c5 2. Nf3 d6 3. Bb5+ Nd7 4.
c3 Nf6 5. Qe2 a6 6. Ba4 b5 7.
Bc2 e5 8. O-O Be7 9. d4 O-O 10. dxe5 Nxe5 11. Nxe5 dxe5 12. c4 Be6 13.
Nd2 Qc7 14. b3 Nd7 15. Bb2 f6 16. Rfd1 Qb7 17. Rab1 b4 18. Nf1 Nb8 19. Ne3 Nc6 20. Nd5 Nd4 21. Bxd4 cxd4 22. Bd3 Bc5 23. a4 a5 24. Rf1 g5 25. Qd1 Qg7 26. Be2 f5 27. exf5 Bxf5 28. Bg4 Bg6 29. Bh5 e4 30. Bxg6 Qxg6 31.
Qg4 Rae8 32. Kh1 h5 33. Qg3 e3 34. fxe3 dxe3 35. Rxf8+ Rxf8 36. Re1 e2 37. h4 Rf1+ 38. Kh2 Bd6 39. Ne7+ Bxe7 40. Rxe2 Bd6 41. Re5 Rf5 0-1

[Event "*** Titled Tuesday Blitz"]
[Site "Chess.com"]
[Date "2018.09.04"]
[Round "10"]
[White "Karina_Oparina"]
[Black "Jbd735"]
[Result "0-1"]
[WhiteElo "2193"]
[BlackElo "2367"]
[TimeControl "180+2"]
[EndTime "15:51:08 PDT"]
[Termination "Jbd735 won on time"]

1. d4 d5 2. c4 e6 3. cxd5 exd5 4. Nc3 Nf6 5. Bg5 Be7 6. Qc2 O-O 7. e3 c6 8. Bd3 h6 9. Bh4 Re8 10. Nge2 Ne4 11.
Bxe7 Qxe7 12. O-O Nd7 13. Rae1 Ndf6 14. Nc1 Bd7 15. f3 Nxc3 16. Qxc3 Qd6 17. e4 dxe4 18. fxe4 Qe7 19. Nb3 Rad8 20. Nc5 Bc8 21. e5 Nd5 22. Qd2 Qg5 23. Qf2 Re7 24. Ne4 Qg4 25. Nd6 Be6 26. Be2 Qg5 27. Ne4 Qe3 28. Nd6 Qxf2+ 29. Rxf2 Nb4 30. a3 Nc2 31. Rd1 Bb3 32. Rd2 c5 0-1